 Dungeon Crawl Stone Soup version 0.31-a0-431-g88bdf31460 (webtiles) character file.

Game seed: 13176235921031023387

277 randomguy2701 the Chopper (level 6, -3/56 HPs)
             Began as a Minotaur Fighter on July 31, 2023.
             Splashed by a jelly's acid (11 damage)
             ... on level 4 of the Dungeon.
             The game lasted 00:01:44 (2071 turns).

randomguy2701 the Chopper (Minotaur Fighter)        Turns: 2071, Time: 00:01:45

Health: -3/56      AC:  0    Str: 21    XL:     6   Next: 4%
Magic:  5/5        EV:  6    Int:  5    God:
Gold:   192        SH:  5    Dex: 17    Spells: 5/5 levels left

rFire   . . .        a - +0 war axe
rCold   . . .        c - +0 buckler
rNeg    . . .        o - +0 plate armour
rPois   .            (helmet restricted)
rElec   .            (no cloak)
rCorr   .            (no gloves)
SInv    .            (no boots)
Will    .....        (no amulet) Stlth
                     k - +6 ring of dexterity
HPRegen 0.29/turn    (no ring)
MPRegen 0.09/turn

%: no passive effects
@: corroded
A: horns 2, retaliatory headbutt
a: no special abilities


You were on level 4 of the Dungeon.
You visited 1 branch of the dungeon, and saw 4 of its levels.

You collected 192 gold pieces.

Inventory:

Hand Weapons
 a - a +0 war axe (weapon)
Armour
 b - a +0 scale mail
 c - a +0 buckler (worn)
 o - a +0 plate armour (worn)
Jewellery
 k - a +6 ring of dexterity (left hand)
Scrolls
 f - a scroll of enchant weapon {unknown}
 g - a scroll of identify {unknown}
 i - 2 scrolls of noise {unknown}
 j - 2 scrolls of fog {unknown}
 l - a scroll of amnesia {unknown}
 m - 2 scrolls of poison {unknown}
 n - a scroll of silence {unknown}
 r - a scroll of immolation {unknown}
Potions
 d - a potion of might
 e - 3 potions of lignification {unknown}
 h - 2 potions of degeneration {unknown}
 p - a potion of curing {unknown}
 q - a potion of berserk rage {unknown}


   Skills:
 + Level 5.0 Fighting
 + Level 5.1 Axes
 + Level 5.0 Armour
 + Level 1.0 Dodging
 + Level 0.1 Stealth
 + Level 4.3 Shields


You had 5 spell levels left.
You didn't know any spells.
Your spell library contained the following spells:

 Spells                   Type           Power      Damage    Failure   Level
 Freeze                   Ice            0%         1d3       100%        1
 Static Discharge         Conj/Air       0%         2-2/arc   100%        2
 Frozen Ramparts          Ice            0%         1d1       100%        3
 Hailstorm                Conj/Ice       0%         3d3       100%        3
 Stone Arrow              Conj/Erth      0%         3d7       100%        3
 Airstrike                Air            0%         2d(0-16)  100%        4
 Animate Armour           Summ/Erth      0%         N/A       100%        4
 Summon Lightning Spire   Summ/Air       0%         N/A       100%        4
 Lehudib's Crystal Spear  Conj/Erth      0%         10d2      100%        8


Dungeon Overview and Level Annotations

Branches:
Dungeon (4/15)
 Temple: D:4-7

Altars:

Shops:
D:1 :*


Innate Abilities, Weirdness & Mutations

You have a pair of horns on your head.
You reflexively headbutt those who attack you in melee.


Message History

You see here a +0 dagger.
You see here a +0 club.
Done exploring.
Done exploring.
No target in view!
Done exploring.
No target in view!
Done exploring.
No target in view!
Done exploring.
(D) Dungeon
Where to? (Enter - D:3, ? - help)
What level of the Dungeon? (default 1, ? - help)
There is a stone staircase leading down here.
You climb downwards.
You hear the sound of rushing water.
There is an entrance to a sewer on this level.
Hurry and find it before the portal rusts away!
There is a stone staircase leading up here.
A jelly comes into view.
The jelly quivers.
You hit the jelly.
Your hands burn!
The jelly is lightly wounded.
The jelly hits you. The acid corrodes you!
You are splashed with acid!
You hit the jelly. The acid corrodes you!
Your hands burn!
You headbutt the jelly.
The jelly is moderately wounded.
You block the jelly's attack.
You hit the jelly.
Your hands burn!
The jelly is moderately wounded.
You block the jelly's attack.
You hit the jelly but do no damage. The acid corrodes you!
Your hands burn!
The jelly is moderately wounded.
The jelly hits you.
You are splashed with acid!
The jelly hits you.
You are splashed with acid!
* * * LOW HITPOINT WARNING * * *
You are too injured to fight recklessly!
The jelly attacks as you move away! The jelly hits you.
* * * LOW HITPOINT WARNING * * *
The acid corrodes you!
You are splashed with acid!
You die...

## .### ...
#########J#
#.......@.#
#.#########
#.# #<# ###


You could see a jelly.

Vanquished Creatures
  Grinder (D:3)
  Jessica (D:3)
  An adder (D:3)
  A worm (D:2)
  3 dart slugs
  5 endoplasms
  A giant cockroach (D:1)
  4 goblins
  2 hobgoblins
  5 quokkas
  4 ball pythons
  4 bats
  2 frilled lizards
  6 kobolds
  3 rats
43 creatures vanquished.

Notes
Turn   | Place    | Note
-------+----------+-------------------------------------------
     0 | D:1      | randomguy2701 the Minotaur Fighter began the quest for the
                  | Orb.
     0 | D:1      | Reached XP level 1. HP: 19/19 MP: 0/0
   114 | D:1      | Found Xegaigre's Assorted Antiques.
   124 | D:1      | Found Togy's Book Boutique.
   303 | D:1      | Reached XP level 2. HP: 26/27 MP: 1/1
   700 | D:2      | Reached XP level 3. HP: 34/34 MP: 2/2
  1405 | D:3      | Noticed Jessica
  1408 | D:3      | Killed Jessica
  1409 | D:3      | Reached XP level 4. HP: 41/41 MP: 3/3
  1834 | D:3      | Noticed Grinder
  1849 | D:3      | Killed Grinder
  1850 | D:3      | Reached skill level 5 in Fighting
  1850 | D:3      | Reached skill level 5 in Axes
  1850 | D:3      | Reached skill level 5 in Armour
  1850 | D:3      | Reached skill level 1 in Dodging
  1850 | D:3      | Reached XP level 5. HP: 22/48 MP: 4/4
  1850 | D:3      | Reached XP level 6. HP: 26/56 MP: 5/5
  2001 | D:3      | Found a faded altar of an unknown god.
  2071 | D:4      | Splashed by a jelly's acid

Illustrated notes

Levels and vault maps discovered:
D:1:      wander_arrival_desolate, layout_loops_ring, serial_shops, shop, shop
D:2:      layout_basic, mrwooster_statue_mirror
D:3:      layout_loops_ring, ebering_ecumenical_altar_sacrificial, uniq_jessica,
          uniq_grinder
D:4:      minmay_chambers_of_fours, layout_basic, minmay_temple_entry_overgrown,
          portal_sewer_entry_b, chequers_serial_rivers_small_3, uniq_eustachio,
          uniq_sigmund, uniq_menkaure, uniq_pikel

Skill      XL: |  1  2  3  4 |
---------------+-------------+-----
Fighting       | 4 5 |  5.0
Shields        | 4 |  4.3
Armour         | 4 5 |  5.0
Axes           | 3 5 |  5.1
Dodging        | 1 |  1.0
Stealth        | |  0.1

Action                     |  1- 3 |  4- 6 || total
---------------------------+-------+-------++-------
  Melee: War axe           |    60 |    36 ||    96
         Headbutt          |     6 |     4 ||    10
 Armour: Scale mail        |    25 |       ||    25
         Plate armour      |       |    19 ||    19
  Dodge: Dodged            |    25 |     7 ||    32
  Block: Buckler           |     8 |    10 ||    18

Table legend: (Time is in decaauts)
 A = Elapsed time spent in this place.
 B = Non-inter-level travel time spent in this place.
 C = Inter-level travel time spent in this place.
 D = Time resting spent in this place.
 E = Time spent auto-exploring this place.
 F = Levels seen in this place.
 G = Mean time per level.
                   A        B        C        D        E       F      G
               +--------+--------+--------+--------+--------+-----+--------+
         Total |   2106 |   1999 |    107 |      0 |   1696 |   4 |  526.5 |
       Dungeon |   2106 |   1999 |    107 |      0 |   1696 |   4 |  526.5 |
               +--------+--------+--------+--------+--------+-----+--------+

Top non-repeatable levels by time:
     D:2: 803 daAuts
     D:3: 662 daAuts
     D:1: 624 daAuts
     D:4: 15 daAuts
